 Dungeon Crawl Stone Soup version 0.31-a0-325-g067879e3d3 (webtiles) character file.

Game seed: 6551754346455551

4839 HallandMoats the Fighter (level 10, -3/82 HPs)
             Began as a Demonspawn Fighter on July 18, 2023.
             Was an Elder of Makhleb.
             Killed by divine providence
             ... invoked by an orc priest
              (14 damage)
             ... on level 8 of the Dungeon.
             The game lasted 00:14:15 (7034 turns).

HallandMoats the Fighter (Demonspawn Fighter)       Turns: 7034, Time: 00:14:17

Health: -3/82      AC: 13    Str: 22    XL:     10   Next: 25%
Magic:  13/13      EV: 13    Int: 11    God:    Makhleb [****..]
Gold:   305        SH:  6    Dex: 17    Spells: 9/9 levels left

rFire   . . .        a - +0 scimitar
rCold   + . .        c - +0 buckler
rNeg    . . .        k - +1 ring mail "Sitisoa" {rPois rF- Str+2 Dex+5}
rPois   +            (no helmet)
rElec   .            (no cloak)
rCorr   .            g - +0 pair of gloves
SInv    +            d - +0 pair of boots
Will    .....        x - amulet of regeneration
Stlth   +            e - ring of protection from fire
HPRegen 2.13/turn    C - ring of see invisible
MPRegen 0.13/turn

%: no passive effects
@: no status effects
A: icy blue scales 3, powered by death 1, demonic touch 1
a: Renounce Religion, Minor Destruction, Lesser Servant of Makhleb, Major
Destruction


You were on level 8 of the Dungeon.
You worshipped Makhleb.
Makhleb was greatly pleased with you.
You visited 2 branches of the dungeon, and saw 9 of its levels.

You collected 305 gold pieces.

Inventory:

Hand Weapons
 a - a +0 scimitar (weapon)
Missiles
 L - a throwing net
Armour
 c - a +0 buckler (worn)
 d - a +0 pair of boots (worn)
 g - a +0 pair of gloves (worn)
 k - the +1 ring mail "Sitisoa" (worn) {rPois rF- Str+2 Dex+5}
   (You found it on level 2 of the Dungeon)

   Str:       It affects your strength (+2).
   Dex:       It affects your dexterity (+5).
   rF:        It makes you vulnerable to fire.
   rPois:     It protects you from poison.
 K - a +0 troll leather armour
Jewellery
 e - a ring of protection from fire (left hand)
 x - an amulet of regeneration (around neck)
 C - a ring of see invisible (right hand)
 D - a ring of fire
 E - an amulet of reflection
Wands
 B - a wand of paralysis (9)
 H - a wand of flame (16)
 I - a wand of digging (7)
Scrolls
 f - a scroll of noise {unknown}
 i - 13 scrolls of identify {unknown}
 j - 5 scrolls of teleportation {unknown}
 p - 2 scrolls of fog {unknown}
 q - a scroll of blinking {unknown}
 r - 5 scrolls of enchant armour {unknown}
 u - a scroll of vulnerability {unknown}
 v - 3 scrolls of brand weapon {unknown}
 y - a scroll of immolation {unknown}
 A - a scroll of summoning {unknown}
 J - a scroll of silence {unknown}
Potions
 b - a potion of enlightenment {unknown}
 h - 2 potions of heal wounds {unknown}
 l - a potion of attraction {unknown}
 m - 2 potions of haste
 n - 2 potions of resistance {unknown}
 o - 2 potions of brilliance {unknown}
 s - 3 potions of mutation {unknown}
 t - 2 potions of lignification {unknown}
 w - 4 potions of curing {unknown}
 z - a potion of degeneration {unknown}
 F - a potion of berserk rage {unknown}


   Skills:
 * Level 8.4 Fighting
 * Level 7.4 Long Blades
 + Level 5.8 Armour
 + Level 4.9 Dodging
 + Level 5.7 Shields
 + Level 4.7 Invocations


You had 9 spell levels left.
You didn't know any spells.
Your spell library contained the following spells:

 Spells                   Type           Power      Damage    Failure   Level
 Kiss of Death            Conj/Necr      0%         2d5       54%         1
 Cigotuvi's Dreadful Rot  Necr/Pois/Air  0%         N/A       69%         2
 Confusing Touch          Hex            0%         N/A       89%         3
 Ignite Poison            Fire/Tmut/Pois 0%         N/A       89%         3
 Dispel Undead            Necr           0%         3d6       100%        4
 Passage of Golubria      Tloc           0%         N/A       100%        4
 Freezing Cloud           Conj/Ice/Air   0%         6-21      100%        5
 Silence                  Hex/Air        0%         N/A       100%        5
 Lehudib's Crystal Spear  Conj/Erth      0%         10d2      100%        8


Dungeon Overview and Level Annotations

Branches:
Dungeon (8/15)             Temple (1/1) D:5            Lair (0/5) D:8

Altars:
Dithmenos
Fedhas
Gozag
Hepliaklqana
Makhleb
Nemelex Xobeh
Okawaru
Qazlal
Ru
Trog
Vehumet
Wu Jian
Xom
Yredelemnul

Shops:
D:2 [


Innate Abilities, Weirdness & Mutations

You are completely covered in icy blue scales. (AC +4, rC+)
You regenerate a little health from kills.
Your touch may inflict minor irresistible damage on your foes.


Message History

You slash the kobold!
You kill the kobold!
Makhleb accepts your kill.
You feel better.
The orc warrior shoots an arrow.
The arrow hits you. The orc misses you. You block the kobold's attack.
The kobold zaps a wand.
You struggle to resist.
The orc priest calls down the wrath of Beogh upon the orc.
Beogh smites you!
The orc warrior unwields a +0 orcbow.
The orc warrior wields a +0 short sword.
The orc warrior hits you with a +0 short sword.
The orc hits you with a +0 trident!
The orc priest looks braver for a moment.
Items here: (( ))) [[.
You barely miss the orc.
The orc warrior hits you but does no damage.
The orc hits you but does no damage. You block the kobold's attack.
The kobold hits you but does no damage. The kobold hits you with a +0 dagger.
You hit the orc.
You kill the orc!
Makhleb accepts your kill.
The orc warrior hits you with a +0 short sword.
The kobold barely misses you. You block the kobold's attack.
The kobold zaps a wand.
Your mind is blasted!
* * * LOW HITPOINT WARNING * * *
The orc warrior attacks as you move away!
The orc warrior barely misses you. The orc hits you but does no damage.
Things that are here:
a +0 trident; an orc corpse The orc warrior unwields a +0 short sword.
The orc warrior wields a +0 orcbow.
The orc warrior shoots an arrow.
The arrow misses you. You block the kobold's attack.
The orc attacks as you move away! The orc barely misses you.
The orc warrior shoots an arrow.
The arrow hits you.
* * * LOW HITPOINT WARNING * * *
The kobold zaps a wand.
Your mind is blasted!
* * * LOW HITPOINT WARNING * * *
The orc priest calls down the wrath of Beogh upon you.
Beogh smites you!
You die...

......## #.......+ ..
#....#####.......# ..##
......<..+............#
....#####.....§####...#.
.....≈.§.≈.§.≈K≈o§......
....8...8...8.Ko8o......
..#≈.≈.≈§≈.≈.≈)≈)≈#...#
#.#...8.§.8...8Ko.# #
#..≈.≈.≈.§.≈.≈.≈@≈# .
#...8...8...8...8.# ..#
#.#≈.§§§.≈.≈.≈.≈.≈#...#
#.....8...8...8........
#.#≈.§.≈.§.≈.≈.≈.≈#...#
#.#.8§§.8...8§§.8.....#
#.#≈§§.§.≈.≈§§§≈.§....#
......8...8§..8§.......
#..≈.§.≈.§.≈.§.≈.≈##..#


You could see an orc warrior, an orc priest, 2 orcs and 3 kobolds.

Vanquished Creatures
  Pikel (D:6)
  Sigmund (D:3)
  A yak (D:8)
  Eustachio (D:5)
  The ghost of dolemite99 the Ruffian, an amateur MiSh (D:5)
  Edmund (D:4)
  3 water moccasins
  An ice beast (D:7)
  3 orc warriors
  A sky beast (D:6)
  2 black bears
  An ogre (D:5)
  2 lemures
  2 centaurs
  4 bullfrogs (D:8)
  Blork the orc (D:4)
  2 kobold brigands
  6 scorpions
  8 wights
  2 howler monkeys (D:7)
  2 hounds
  6 jellies
  2 gnoll boudas
  3 orc priests
  3 iguanas
  3 orc wizards
  3 sleepcaps
  11 gnolls
  6 adders
  5 white imps
  A worm (D:3)
  A dart slug (D:1)
  30 orcs
  9 endoplasms
  2 giant cockroaches (D:4)
  9 goblins
  6 hobgoblins
  4 jackals (D:3)
  5 quokkas
  4 ball pythons
  5 bats
  3 frilled lizards
  12 kobolds
  2 rats (D:1)
  A spectral orc (D:4)
182 creatures vanquished.

Vanquished Creatures (collateral kills)
  A troll (D:6)
1 creature vanquished.

Grand Total: 183 creatures vanquished

Notes
Turn   | Place    | Note
-------+----------+-------------------------------------------
     0 | D:1      | HallandMoats the Demonspawn Fighter began the quest for the
                  | Orb.
     0 | D:1      | Reached XP level 1. HP: 18/18 MP: 1/1
   121 | D:1      | Gained mutation: You are partially covered in icy blue
                  | scales. (AC +2) [demonic ancestry]
   121 | D:1      | Reached XP level 2. HP: 24/24 MP: 2/2
   737 | D:2      | Found Zuesigeis's Armour Emporium.
   854 | D:2      | Gained mutation: You regenerate a little health from kills.
                  | [demonic ancestry]
   854 | D:2      | Reached XP level 3. HP: 9/29 MP: 3/3
  1001 | D:2      | Identified the +1 ring mail "Sitisoa" {rPois rF- Str+2
                  | Dex+5}
  1353 | D:2      | Found a faded altar of an unknown god.
  1361 | D:2      | Reached skill level 1 in Dodging
  1416 | D:2      | Gained mutation: You are mostly covered in icy blue scales.
                  | (AC +3) [demonic ancestry]
  1416 | D:2      | Reached XP level 4. HP: 34/35 MP: 4/4
  1602 | D:2      | Prayed at the altar of an unknown god.
  1602 | D:2      | Became a worshipper of Makhleb the Destroyer
  1602 | D:2      | Reached * piety under Makhleb
  1677 | D:3      | Found a hazy altar of Hepliaklqana.
  1844 | D:3      | Noticed Sigmund
  1872 | D:3      | Killed Sigmund
  1873 | D:3      | Reached skill level 4 in Fighting
  1873 | D:3      | Gained mutation: Your touch may inflict minor irresistible
                  | damage on your foes. [demonic ancestry]
  1873 | D:3      | Reached XP level 5. HP: 24/42 MP: 5/5
  2541 | D:4      | Noticed a black bear
  2542 | D:4      | Noticed Blork the orc
  2559 | D:3      | Killed a black bear
  2560 | D:3      | Reached XP level 6. HP: 44/49 MP: 6/6
  2571 | D:4      | Killed Blork the orc
  2685 | D:4      | Noticed Edmund
  2694 | D:4      | Killed Edmund
  2695 | D:4      | Reached XP level 7. HP: 46/55 MP: 0/7
  2784 | D:4      | Reached ** piety under Makhleb
  2785 | D:4      | Reached skill level 5 in Fighting
  3313 | D:4      | Found a bloodstained altar of Trog.
  3444 | D:4      | Found a basalt altar of Yredelemnul.
  3592 | D:5      | Entered Level 5 of the Dungeon
  3641 | D:5      | Found a radiant altar of Vehumet.
  3874 | D:5      | Found a staircase to the Ecumenical Temple.
  3963 | D:5      | Noticed Eustachio
  3998 | D:5      | Reached XP level 8. HP: 64/64 MP: 8/8
  4053 | Temple   | Entered the Ecumenical Temple
  4144 | D:5      | Killed Eustachio
  4144 | D:5      | Reached *** piety under Makhleb
  4145 | D:5      | Reached skill level 6 in Fighting
  4145 | D:5      | Reached skill level 5 in Long Blades
  4253 | D:5      | Found a runed translucent door.
  4253 | D:5      | Noticed dolemite99's ghost (amateur MiSh)
  4418 | D:5      | Killed dolemite99's ghost
  4680 | D:6      | Identified the +1 scale mail "Omugg" {*Corrode rElec rC++}
  4789 | D:6      | Reached skill level 1 in Invocations
  4946 | D:6      | Noticed Pikel
  5174 | D:6      | Killed Pikel
  5175 | D:6      | Reached skill level 7 in Fighting
  5175 | D:6      | Reached XP level 9. HP: 57/72 MP: 10/10
  5379 | D:6      | Reached skill level 5 in Armour
  5531 | D:6      | Reached skill level 5 in Shields
  5613 | D:7      | Noticed a troll
  5629 | D:6      | Killed a troll
  5955 | D:7      | Reached skill level 8 in Fighting
  6055 | D:7      | Found a stormy altar of Qazlal.
  6066 | D:7      | Reached **** piety under Makhleb
  6126 | D:7      | Found an iron altar of Okawaru.
  6171 | D:7      | Found a sacrificial altar of Ru.
  6386 | D:7      | Found a burning altar of Makhleb.
  6622 | D:8      | Gained mutation: You are completely covered in icy blue
                  | scales. (AC +4, rC+) [demonic ancestry]
  6622 | D:8      | Reached XP level 10. HP: 71/80 MP: 13/13
  6889 | D:8      | Found a staircase to the Lair.
  7034 | D:8      | Killed from afar by an orc priest

Illustrated notes

Levels and vault maps discovered:
D:1:      denvon_arrival_hothouse, layout_basic
D:2:      layout_loops_cross, serial_shops, shop_fountains,
          ebering_ecumenical_altar_rust, minmay_goblin_kobold_house
D:3:      layout_basic, mainiacjoe_overflow_six_doors_small,
          hangedman_decor_diamond_cutter, uniq_sigmund
D:4:      layout_gridville, mainiacjoe_overflow_tiny_flanked,
          yredelemnul_forgotten_temple_becter, uniq_blork_the_orc, uniq_edmund
D:5:      layout_cave_pools, mainiacjoe_overflow_24_doors,
          minmay_temple_entry_butterflies, gammafunk_ghost_grave,
          supply_closet_lemuel, chequers_decorated_corner, uniq_eustachio
D:6:      layout_basic, kennysheep_generic_room_4, uniq_pikel
D:7:      layout_cave_pools, nicolae_ru_path_of_blood,
          mainiacjoe_overflow_surrounded_room, mainiacjoe_overflow_divided_tiny,
          mainiacjoe_overflow_chevrons, mainiacjoe_overflow_alcove_4,
          hangedman_decor_riveting, minmay_misc_feat_rugged
D:8:      layout_basic, grunt_lair_entry_orc_guard_hut, kennysheep_crisscross,
          nicolae_evil_shop
Temple:   hellmonk_temple_of_storms

Skill      XL: |  1  2  3  4  5  6  7  8  9 |
---------------+----------------------------+-----
Long Blades    | 2 3 4 6 7 |  7.4
Armour         | 3 4 5 |  5.8
Shields        | 3 4 5 |  5.7
Dodging        | 1 2 3 4 |  4.9
Fighting       | 4 5 7 8 |  8.4
Invocations    | 2 4 |  4.7

Action                     |  1- 3 |  4- 6 |  7- 9 | 10-12 || total
---------------------------+-------+-------+-------+-------++-------
  Melee: Long sword        |   129 |    89 |   521 |       ||   739
         Scimitar          |       |       |   178 |   117 ||   295
 Invoke: Lesser Servant of |       |       |     1 |       ||     1
    Use: Potion            |       |     1 |     1 |       ||     2
 Armour: Scale mail        |    37 |       |       |       ||    37
         Ring mail         |    29 |    41 |   353 |    57 ||   480
  Dodge: Dodged            |    71 |    59 |   543 |    95 ||   768
  Block: Buckler           |    38 |    32 |   261 |    43 ||   374

Table legend: (Time is in decaauts)
 A = Elapsed time spent in this place.
 B = Non-inter-level travel time spent in this place.
 C = Inter-level travel time spent in this place.
 D = Time resting spent in this place.
 E = Time spent auto-exploring this place.
 F = Levels seen in this place.
 G = Mean time per level.
                   A        B        C        D        E       F      G
               +--------+--------+--------+--------+--------+-----+--------+
         Total |   7210 |   7075 |    135 |    509 |   4164 |   9 |  801.1 |
       Dungeon |   7180 |   7045 |    135 |    482 |   4164 |   8 |  897.5 |
        Temple |     29 |     29 |      0 |     27 |      0 |   1 |   29.0 |
               +--------+--------+--------+--------+--------+-----+--------+

Top non-repeatable levels by time:
     D:6: 1145 daAuts
     D:4: 1083 daAuts
     D:5: 1078 daAuts
     D:3: 936 daAuts
     D:2: 922 daAuts
     D:7: 820 daAuts
     D:1: 733 daAuts
     D:8: 461 daAuts
  Temple: 29 daAuts
